Map: Port Aleksander LE

Players

IIIlllIIllIl

  • Race: Zerg Zerg
  • League: Master
  • Spawn Location: 11:00

zuka - Winner!

  • Race: Protoss Protoss
  • League: Master
  • Spawn Location: 5:00

VOD

Have the link to the VOD?

Description

Time

  • Played on: Nov. 20, 2018, 4:07 p.m.
  • Length: 12:07
Show
View Real Time Build Order
Export as new Build Order

IIIlllIIllIl Zerg 

Build Orders: Hatch First, Roach Nydus 

Get SALT Encoding   

  12  0:03  Drone  
  13  0:13  Overlord  
  13  0:18  Drone  
  14  0:31  Drone x2  
  16  0:49  Hatchery  
  15  0:53  Drone  
  15  0:56  Drone  
  17  1:00  Drone  
  18  1:11  Extractor  
  17  1:19  Spawning Pool  
  17  1:20  Drone  
  17  1:23  Drone  
  18  1:30  Drone  
  19  1:41  Drone  
  20  1:53  Overlord  
  21  2:07  Zergling x2  
  22  2:11  Hatchery, Queen  
  23  2:16  Zergling x2  
  24  2:27  Drone  
  24  2:28  Extractor  
  24  2:29  Roach Warren  
  23  2:36  Drone  
  24  2:45  Drone  
  25  2:56  Drone  
  25  2:57  Queen  
  28  3:09  Overlord  
  27  3:22  Hatchery  
  26  3:28  Roach  
  26  3:29  Roach x4  
  36  3:40  Roach x2  
  40  4:02  Drone, Lair  
  41  4:03  Drone x2  
  41  4:05  Drone  
  44  4:13  Overlord  
  44  4:27  Spore Crawler  
  44  4:28  Drone x2, Spore Crawler  
  44  4:31  Drone  
  44  4:34  Ravager  
  44  4:35  Ravager  
  46  4:39  Ravager  
  46  4:43  Ravager  
  46  4:45  Drone x2  
  50  4:57  Spore Crawler  
  50  4:58  Queen  
  49  5:02  Overlord x2  
  49  5:05  Queen  
  49  5:21  Drone  
  49  5:22  Drone x5  
  49  5:27  Extractor x2  
  53  5:35  Nydus Network  
  52  5:42  Glial Reconstitution  
  52  5:51  Overlord  
  52  5:54  Roach  
  52  5:55  Roach x2  
  58  5:59  Overlord  
  58  6:07  Overseer  
  58  6:11  Overlord x2  
  58  6:24  Overlord  
  58  6:30  Roach  
  58  6:31  Roach x2  
  64  6:34  Roach  
  64  6:37  Roach  
  68  6:44  Roach  
  68  6:45  Roach  
  72  6:49  Roach  
  76  6:54  Roach  
  76  6:57  Roach  
  78  7:03  Roach  
  78  7:04  Roach  
  82  7:09  Overlord  
  82  7:16  Overlord  
  82  7:23  Overlord  
  82  7:29  Roach x3  
  88  7:33  Roach  
  90  7:45  Roach x3  
  90  7:48  Nydus Canal  
  90  7:51  Roach  
  98  7:55  Roach  
  98  7:57  Roach  
  102  8:01  Roach  
  100  8:27  Roach x3  
  100  8:40  Roach  
  82  8:55  Ravager  
  71  8:58  Hydralisk Den  
  31  9:32  Hydralisk x8  
  31  9:33  Hydralisk  
  31  9:35  Queen x2  
  31  9:36  Queen  
  55  9:51  Hydralisk x3  
  61  10:01  Hydralisk x3  
  67  10:08  Hydralisk  
  67  10:11  Hydralisk  
  71  10:19  Hydralisk  
  71  10:20  Hydralisk  
  75  10:26  Hydralisk  
  77  10:30  Hydralisk  
  79  10:42  Hydralisk  
  79  10:43  Hydralisk  
  79  10:46  Hydralisk  
  85  10:50  Hydralisk  
  85  10:57  Hydralisk  
  87  11:00  Hydralisk  
  91  11:10  Hydralisk x2  
  95  11:15  Hydralisk  
  97  11:20  Overlord  
  97  11:25  Overlord  
  97  11:30  Overlord  
Show
View Real Time Build Order
Export as new Build Order

zuka Protoss - Winner!

Build Orders: Cannon Rush 

Get SALT Encoding   

  12  0:01  Probe  
  13  0:13  Probe  
  14  0:20  Pylon  
  14  0:24  Probe  
  15  0:34  Probe  
  15  0:42  Probe  
  16  0:48  Gateway  
  17  0:52  Assimilator  
  17  0:56  Probe  
  18  1:08  Probe  
  19  1:14  Forge  
  19  1:20  Probe  
  20  1:32  Pylon  
  20  1:42  Probe  
  21  1:52  Photon Cannon x2  
  21  1:54  Photon Cannon  
  21  1:56  Probe  
  23  2:08  Probe  
  23  2:14  Nexus  
  23  2:20  Photon Cannon  
  23  2:34  Cybernetics Core  
  23  2:35  Probe  
  24  2:43  Probe  
  24  2:44  Assimilator  
  24  2:45  Pylon  
  25  2:51  Probe  
  26  3:01  Adept  
  26  3:03  Probe  
  29  3:13  Warp Gate, Assimilator  
  29  3:15  Probe  
  30  3:27  Probe  
  31  3:34  Stargate  
  31  3:35  Probe  
  31  3:39  Probe  
  33  3:43  Probe  
  33  3:46  Pylon  
  33  3:47  Stalker  
  34  3:51  Probe  
  34  3:52  Pylon  
  36  4:00  Pylon  
  36  4:01  Shield Battery  
  37  4:05  Void Ray  
  37  4:11  Photon Cannon  
  41  4:31  Stalker  
  43  4:39  Gateway  
  43  4:40  Void Ray  
  43  4:44  Probe  
  45  4:47  Assimilator  
  48  5:00  Probe x2  
  48  5:05  Stargate  
  50  5:12  Probe x2  
  52  5:22  Zealot  
  55  5:33  Fleet Beacon  
  55  5:34  Nexus  
  54  5:48  Probe x2  
  56  5:51  Pylon  
  56  5:56  Probe  
  56  6:00  Probe  
  58  6:04  Probe  
  58  6:08  Carrier  
  59  6:12  Carrier, Probe  
  59  6:14  Pylon, Probe  
  73  6:27  Pylon  
  73  6:31  Probe x2  
  75  6:34  Protoss Air Weapons Level 1  
  75  6:37  Assimilator  
  75  6:43  Assimilator, Probe x2  
  75  6:45  Mothership  
  77  6:55  Probe  
  77  6:59  Photon Cannon  
  78  7:03  Photon Cannon  
  78  7:05  Photon Cannon  
  78  7:14  Probe  
  87  7:16  Probe  
  88  7:26  Probe  
  88  7:28  Probe  
  90  7:33  Carrier  
  96  7:40  Probe  
  97  7:50  Probe, Pylon  
  104  8:00  Pylon  
  104  8:01  Probe  
  104  8:02  Stargate, Probe  
  106  8:09  Zealot x2  
  109  8:17  Carrier  
  92  8:36  Zealot x2  
  87  9:00  Pylon  
  87  9:03  Pylon  
  87  9:07  Probe x2  
  89  9:15  Assimilator  
  89  9:16  Carrier  
  85  9:30  Probe  
  85  9:33  Probe  
  85  9:34  Probe  
  88  9:39  Probe  
  90  9:45  Probe  
  90  9:46  Probe  
  90  9:48  Probe  
  92  9:54  Void Ray x2  
  92  9:57  Probe  
  101  10:07  Probe  
  102  10:11  Pylon  
  102  10:13  Photon Cannon  
  102  10:17  Void Ray, Probe  
  102  10:19  Probe  
  108  10:31  Void Ray  
  108  10:40  Nexus  
  112  10:43  Carrier  
  112  10:55  Probe  
  112  10:56  Probe x2  
  118  11:03  Probe  
  118  11:04  Probe  
  121  11:08  Probe  
  123  11:12  Probe, Robotics Facility  
  125  11:19  Twilight Council  
  125  11:26  Assimilator  
  125  11:28  Assimilator  
  125  11:29  Pylon  
  125  11:32  Pylon  
  125  11:35  Pylon  
  125  11:47  Probe x3  
Tags
 
Add a new tag
Caveats
  • Supply blocks, unpowered buildings, or Contaminate may cause inaccurate times.
  • Supply counts are checked every 10 seconds.